 Dungeon Crawl Stone Soup version 0.22.1-1-ga44c0e56f4 (webtiles) character file.

63 Kohma the Cudgeler (level 3, -9/33 HPs)
             Began as a Minotaur Berserker on Oct 9, 2018.
             Was a Believer of Trog.
             Mangled by a kobold
             ... wielding a +0 dagger of electrocution
              (20 damage)
             ... on level 2 of the Dungeon.
             The game lasted 00:03:44 (1361 turns).

Kohma the Cudgeler (Minotaur Berserker)             Turns: 1361, Time: 00:03:45

Health: -9/33      AC:  2    Str: 22    XL:     3   Next: 87%
Magic:  2/2        EV: 12    Int:  4    God:    Trog [**....]
Gold:   32         SH:  0    Dex:  9    Spells: 2/2 levels left

rFire    . . .     SeeInvis .   a - +0 mace
rCold    . . .     Gourm    .   (no shield)
rNeg     . . .     Faith    .   b - +0 animal skin
rPois    .         Spirit   .   (helmet restricted)
rElec    .         Reflect  .   (no cloak)
rCorr    .         Harm     .   (no gloves)
MR       .....                  (no boots)
Stlth    +.........             (no amulet)
HPRegen  0.11/turn              (no ring)
MPRegen  0.08/turn              (no ring)

@: no status effects
A: retaliatory headbutt, horns 2
a: Berserk, Trog's Hand, Renounce Religion


You were on level 2 of the Dungeon.
You worshipped Trog.
Trog was pleased with you.
You were not hungry.

You visited 1 branch of the dungeon, and saw 2 of its levels.

You collected 32 gold pieces.

Inventory:

Hand Weapons
 a - a +0 mace (weapon)
Missiles
 e - 6 javelins (quivered)
Armour
 b - a +0 animal skin (worn)
Jewellery
 d - an uncursed ring of see invisible {unknown}
Scrolls
 l - 2 scrolls of identify {unknown}
Potions
 g - a potion of ambrosia {unknown}
 h - a potion of curing {unknown}
 i - a potion of flight {unknown}
 j - a potion of cancellation {unknown}
 k - a potion of degeneration {unknown}
Comestibles
 c - 7 rations
 f - 4 chunks of flesh


   Skills:
 + Level 4.2 Fighting
 * Level 4.9 Maces & Flails
 + Level 3.2 Armour
 - Level 2.1 Dodging


You had 2 spell levels left.
You didn't know any spells.
Your spell library was empty.

Dungeon Overview and Level Annotations

Branches:
Dungeon (2/15)

Altars:
Okawaru
Sif Muna


Innate Abilities, Weirdness & Mutations

You reflexively headbutt those who attack you in melee.
You have a pair of horns on your head.


Message History

The leopard gecko bites you.
You barely miss the leopard gecko.
The leopard gecko closely misses you. x2
You barely miss the leopard gecko. The leopard gecko bites you.
You miss the leopard gecko. Your headbutt misses the leopard gecko.
The leopard gecko barely misses you.
You hit the leopard gecko. You headbutt the leopard gecko.
You kill the leopard gecko!
Trog accepts your kill.
You hit the kobold but do no damage. The kobold closely misses you.
You closely miss the kobold. The kobold closely misses you.
You furiously retaliate!
You headbutt the kobold, but do no damage.
You completely miss the kobold. Your headbutt misses the kobold.
The kobold hits you with a dagger of electrocution.
You are electrocuted!
Ouch! That really hurt!
You barely miss the kobold. The kobold barely misses you.
The kobold hits you but does no damage.
You are electrocuted!
Ouch! That really hurt!
You die...

.# ############## .#
#........(.K.####### .#
#.#######.##@......# .#
#.# #(.#.#####.# .#
#.#######†'#### #.#
.####.#..#≈≈≈l.≈≈≈# #.#
.........#≈......≈# #.#
.........#≈..##♣K≈####.#
...)....##≈.# .≈#....#
#####.####≈. .≈#<##.#
#.##.#≈. ≈###..####


You could see a kobold.

Vanquished Creatures
  3 oozes
  A worm (D:2)
  2 dart slugs (D:1)
  A leopard gecko (D:2)
  3 ball pythons
  6 bats
  A giant cockroach (D:2)
  2 goblins (D:1)
  5 hobgoblins
  4 jackals (D:2)
  A quokka (D:2)
  A frilled lizard (D:2)
  2 kobolds (D:2)
  9 rats
41 creatures vanquished.

Notes
Turn   | Place    | Note
-------+----------+-------------------------------------------
     0 | D:1      | Kohma the Minotaur Berserker began the quest for the Orb.
     0 | D:1      | Reached XP level 1. HP: 19/19 MP: 0/0
   219 | D:1      | Reached XP level 2. HP: 26/27 MP: 1/1
   339 | D:1      | Found an iron altar of Okawaru.
   487 | D:1      | Reached XP level 3. HP: 33/33 MP: 2/2
   745 | D:2      | Found a deep blue altar of Sif Muna.
   755 | D:2      | Reached ** piety under Trog
  1361 | D:2      | Mangled by a kobold

Skill      XL: |  1  2 |
---------------+-------+-----
Maces & Flails | 4 |  4.9
Fighting       | 4 |  4.2
Armour         | 3 |  3.2
Dodging        | |  2.1

Action                   || total
-------------------------++-------
Melee: Mace              ||    77
       Headbutt          ||     8
Throw: Javelin           ||    13
  Eat: Chunk             ||     1
Armor: Animal skin       ||    12
Dodge: Dodged            ||    53
